 Dungeon Crawl Stone Soup version 0.29-a0-330-g52719c12eb (webtiles) character file.

Game seed: 12128019474781003886

49 kae the Ruffian (level 3, -6/28 HPs)
             Began as a Draconian Transmuter on May 14, 2022.
             Killed by an exploding goblin (34 damage)
             ... ignited by their inner flame
             ... on level 2 of the Dungeon.
             The game lasted 00:01:24 (1846 turns).

kae the Ruffian (Draconian Transmuter)              Turns: 1846, Time: 00:01:25

Health: -6/28      AC:  6    Str: 12    XL:     3   Next: 53%
Magic:  6/6        EV: 12    Int: 15    God:
Gold:   59         SH:  0    Dex: 17    Spells: 0/6 levels left

rFire   . . .      SeeInvis .     - Unarmed
rCold   + . .      Faith    .   (no shield)
rNeg    . . .      Spirit   .   (body armour unavailable)
rPois   +          Reflect  .   (helmet currently unavailable)
rElec   .          Harm     .   (no cloak)
rCorr   .          Rampage  .   c - +0 pair of gloves of Resonance {rPois rC+}
Will    .....                   (boots currently unavailable)
Stlth   ++........              f - amulet of regeneration
HPRegen 0.89/turn               d - +6 ring of dexterity
MPRegen 0.10/turn               (no ring)

@: appendages, weak-willed
A: horns 2, talons 2, AC +5, unfitting armour, cold-blooded
a: End Transformation


You were on level 2 of the Dungeon.
You had temporarily grown beastly horns and talons.
You visited 1 branch of the dungeon, and saw 2 of its levels.

You collected 59 gold pieces.

Inventory:

Armour
 c - the +0 pair of gloves of Resonance (worn) {rPois rC+}
   (You found it on level 2 of the Dungeon)

   rC:        It protects you from cold.
   rPois:     It protects you from poison.
Jewellery
 d - a +6 ring of dexterity (left hand)
 f - an amulet of regeneration (around neck)
Potions
 a - a potion of lignification
 b - 2 potions of flight {unknown}
 e - 2 potions of curing {unknown}


   Skills:
 - Level 1.1 Fighting
 - Level 1.7 Dodging
 + Level 3.4 Unarmed Combat
 + Level 2.4 Spellcasting
 * Level 3.1 Transmutations
 + Level 0.4 Poison Magic


You couldn't memorise any spells.
You knew the following spells:

 Your Spells              Type           Power      Damage    Failure   Level
a - Beastly Appendage     Tmut           22%        N/A       6%          1
b - Wereblood             Tmut           11%        N/A       9%          2
c - Spider Form           Tmut/Pois      7%         N/A       30%         3

Your spell library contained the following spells:

 Spells                   Type           Power      Damage    Failure   Level
 Ice Form                 Ice/Tmut       6%         N/A       73%         4


Dungeon Overview and Level Annotations

Branches:
Dungeon (2/15)

Altars:


Innate Abilities, Weirdness & Mutations

You have temporarily grown beastly horns and talons.
Your plain brown scales are hard. (AC +5)
You cannot fit into any form of body armour.
You are cold-blooded and may be slowed by cold attacks.


Message History

You see here a +0 whip.
Your transformation is almost over.
Your transformation has ended.
The +0 pair of gloves of Resonance {rPois rC+} unmelds from your body.
Your magical contamination has completely faded away.
A gnoll comes into view. It is wielding a +0 flail.
The gnoll shouts!
A goblin comes into view. It is wielding a +0 club.
A quokka comes into view.
There are monsters nearby!
There are monsters nearby!
Casting: Spider Form (extremely dangerous; 30% risk of failure)
Confirm with . or Enter, or press ? or * to list all spells.
You grow a pair of large bovine horns.
Your feet morph into talons.
The goblin shouts!
You hear a shout!
The goblin hits you but does no damage.
A gnoll comes into view. It is wielding a +0 spear.
The goblin attacks as you move away! The goblin hits you with a +0 club.
You see here a +0 whip.
The goblin attacks as you move away! The goblin hits you but does no damage.
As you read the scroll labelled NAYWAE DUOFOST, it crumbles to dust.
Magic quickly surges around you.
It was a scroll of vulnerability.
The goblin hits you but does no damage.
You can't see any item there.
Casting: Beastly Appendage (safe; 6% risk of failure)
Press: ? - help, Q - select action, (/) - cycle Dir - look around, f - activate Look: a goblin, wielding a +0 club (weak-willed)
Okay, then.
Unknown command.
As you read the scroll labelled WUARIRR POFORPH, it crumbles to dust.
The creatures around you are filled with an inner flame!
It was a scroll of immolation.
The goblin closely misses you.
You barely miss the goblin.
Flame seeps out of the goblin.
You claw the goblin.
Your tail-slap misses the goblin.
The goblin is almost dead.
The goblin is engulfed in blazing flames.
The goblin explodes!
The fiery explosion engulfs the gnoll!!
The fiery explosion engulfs you!!
Ouch! That really hurt!
You die...

### ### #...
..#########
###...####.##......#
#.......##.##.####.#
#.......g#§##.####.#
#........r§○@....#.#
......####§##.##.#.#
###... ...##......#
### #########.###
#...# #.#.# #...#
##.## ###.#


You could see a gnoll (inner flame, weak-willed) and a quokka (inner flame,
weak-willed).

Vanquished Creatures
  2 gnolls (D:2)
  A dart slug (D:2)
  6 ball pythons
  2 bats (D:1)
  An endoplasm (D:1)
  A giant cockroach (D:1)
  3 hobgoblins
  4 jackals (D:2)
  4 quokkas
  A frilled lizard (D:1)
  4 goblins
  4 kobolds
  A quokka skeleton (D:2)
  A rat (D:2)
35 creatures vanquished.

Vanquished Creatures (others)
  2 withered plants (D:2)
2 creatures vanquished.

Grand Total: 37 creatures vanquished

Notes
Turn   | Place    | Note
-------+----------+-------------------------------------------
     0 | D:1      | kae the Draconian Transmuter began the quest for the Orb.
     0 | D:1      | Reached XP level 1. HP: 16/16 MP: 3/3
   630 | D:1      | Noticed a shining eye
   633 | D:1      | Found a faded altar of an unknown god.
   635 | D:1      | Noticed a great orb of eyes
   635 | D:1      | Noticed a shining eye
   635 | D:1      | Noticed an eye of devastation
   635 | D:1      | You fall into a shaft and drop 1 floor!
   641 | D:2      | Reached XP level 2. HP: 21/23 MP: 3/5
  1493 | D:2      | Reached XP level 3. HP: 23/28 MP: 4/6
  1499 | D:2      | Learned a level 2 spell: Wereblood
  1503 | D:2      | Learned a level 3 spell: Spider Form
  1622 | D:2      | Identified the +0 pair of gloves of Resonance {rPois rC+}
  1846 | D:2      | Killed by an exploding goblin... ignited by their inner
                  | flame

Illustrated notes

Levels and vault maps discovered:
D:1:      evilmike_arrival_hilbert_curve, layout_loops_ring,
          hellmonk_ecumenical_altar_watching_god
D:2:      layout_loops_cross, serial_undead, serial_undead_e, serial_undead_e,
          serial_undead_d, serial_undead_e, grunt_ministairs_1

Skill      XL: |  1  2  3 |
---------------+----------+-----
Transmutations | 3 |  3.1
Fighting       | |  1.1
Dodging        | |  1.7
Unarmed Combat | |  3.4
Spellcasting   | |  2.4
Poison Magic   | |  0.4

Action                   || total
-------------------------++-------
Melee: Unarmed           ||    93
       Kick              ||    28
       Headbutt          ||     8
       Tailslap          ||     8
 Cast: Beastly Appendage ||    23
       Spider Form       ||     1
  Use: Scroll            ||     5
 Stab: Sleeping          ||     2
Armor: Skin              ||    35
Dodge: Dodged            ||    82

Table legend: (Time is in decaauts)
 A = Elapsed time spent in this place.
 B = Non-inter-level travel time spent in this place.
 C = Inter-level travel time spent in this place.
 D = Time resting spent in this place.
 E = Time spent auto-exploring this place.
 F = Levels seen in this place.
 G = Mean time per level.
                   A        B        C        D        E       F      G
               +--------+--------+--------+--------+--------+-----+--------+
         Total |   1841 |   1789 |     52 |      0 |   1518 |   2 |  920.5 |
       Dungeon |   1841 |   1789 |     52 |      0 |   1518 |   2 |  920.5 |
               +--------+--------+--------+--------+--------+-----+--------+

Top non-repeatable levels by time:
     D:1: 1464 daAuts
     D:2: 377 daAuts
